 Dungeon Crawl Stone Soup version 0.29-a0-555-g3b24f45cc1 (webtiles) character file.

Game seed: 1749145999518764955

316 zeratav the Slicer (level 6, -1/35 HPs)
             Began as a Kobold Gladiator on June 8, 2022.
             Slain by a kobold brigand
             ... wielding a +0 dagger
              (4 damage)
             ... in a sewer.
             The game lasted 00:06:38 (2632 turns).

zeratav the Slicer (Kobold Gladiator)               Turns: 2632, Time: 00:06:39

Health: -1/35      AC:  7    Str: 11    XL:     6   Next: 73%
Magic:  6/6        EV: 19    Int: 10    God:
Gold:   197        SH:  5    Dex: 18    Spells: 5/5 levels left

rFire   . . .      SeeInvis .   a - +0 rapier {short}
rCold   . . .      Faith    .   p - +0 buckler
rNeg    . . .      Spirit   .   b - +0 leather armour
rPois   .          Reflect  .   x - +1 helmet
rElec   .          Harm     .   q - +1 cloak {Will+}
rCorr   .          Rampage  .   (no gloves)
Will    +....                   (no boots)
Stlth   ++........              y - amulet of regeneration {@e2}
HPRegen 0.91/turn               k - +4 ring of evasion
MPRegen 0.10/turn               (no ring)

@: no status effects
A: small, no large weapons, nightstalker 3
a: no special abilities


You were in a sewer.
You visited 1 branch of the dungeon, and saw 3 of its levels.
You also visited: Sewer.

You collected 197 gold pieces.


Innate Abilities, Weirdness & Mutations

You are small and have problems with some larger weapons.
You are completely attuned to the shadows.


   Skills:
 - Level 2.1 Fighting
 + Level 9.3 Short Blades
 - Level 2.1 Throwing
 - Level 3.6 Dodging


You had 5 spell levels left.
You didn't know any spells.
Your spell library contained the following spells:

 Spells                   Type           Power      Damage    Failure   Level
 Magic Dart               Conj           0%         1d3       63%         1
 Call Imp                 Summ           0%         N/A       77%         2
 Ensorcelled Hibernation  Hex/Ice        0%         N/A       77%         2
 Passwall                 Tmut/Erth      0%         N/A       77%         2
 Mephitic Cloud           Conj/Pois/Air  0%         N/A       94%         3
 Swiftness                Air            0%         N/A       94%         3

Inventory:

Hand Weapons
 a - a +0 rapier (weapon) {short}
 z - a +0 scimitar {long}
   (You found it on level 3 of the Dungeon)
Missiles
 d - 3 throwing nets (quivered) {=fthrowing}
 e - 2 boomerangs {throwing}
Armour
 b - a +0 leather armour (worn)
 c - a +0 helmet
 p - a +0 buckler (worn)
   (You found it on level 1 of the Dungeon)
 q - a +1 cloak of willpower (worn)
   (You found it on level 2 of the Dungeon)
 r - a +0 ring mail
   (You found it on level 2 of the Dungeon)
 x - a +1 helmet (worn)
   (You found it on level 3 of the Dungeon)
Jewellery
 f - a ring of ice
   (You found it on level 1 of the Dungeon)
 k - a +4 ring of evasion (left hand)
   (You found it on level 1 of the Dungeon)
 y - an amulet of regeneration (around neck) {@e2}
   (You found it on level 3 of the Dungeon)
Wands
 u - a wand of charming (7)
   (You found it on level 2 of the Dungeon)
Scrolls
 g - 6 scrolls of identify {unknown}
 j - a scroll of immolation {unknown}
 o - 2 scrolls of noise {unknown}
 s - 2 scrolls of teleportation {unknown}
Potions
 h - a potion of cancellation {unknown}
 i - 2 potions of might {unknown}
 l - a potion of haste {unknown}
 m - 4 potions of mutation {unknown}
 n - 4 potions of curing {unknown}
 t - a potion of lignification {unknown}
 v - 2 potions of invisibility {unknown}
 w - a potion of attraction {unknown}
 A - a potion of magic {unknown}

Dungeon Overview and Level Annotations

Branches:
Dungeon (3/15)              Sewer (1/1)

Altars:
Makhleb
Yredelemnul

Shops:
D:3

(
##...†.≈≈≈≈≈≈≈
#.....≈≈≈#≈≈≈
##.P..≈≈≈# ≈≈
#..P...≈# ≈
#.....†≈#
#.......#
#...≈.≈#
#...≈≈≈#
###K@K≈#
##KK## .!!.#
#....# #..∩.#


You could see a kobold brigand, a kobold and 2 friendly kobold brigands.


Message History

HP[-2]
You take 2 damage, and now have 33/35 hp.
You closely miss the kobold. The kobold brigand misses you.
HP[+1]
You puncture the kobold!
You kill the kobold!
The kobold brigand misses you.
The kobold brigand hits you with a +0 dagger.
The kobold throws a stone.
The stone closely misses you.
HP[-5]
You take 5 damage, and now have 29/35 hp.
You hit the kobold brigand.
The kobold brigand hits you with a +2 short sword of protection.
The kobold brigand barely misses you.
The kobold throws a stone.
The stone barely misses you. The kobold brigand barely misses you.
HP[-1]
You take 1 damage, and now have 28/35 hp.
You hit the kobold brigand but do no damage.
The kobold brigand completely misses you.
The kobold brigand barely misses you.
The kobold throws a stone.
You block the stone. The kobold brigand misses you.
HP[+1]
You hit the kobold brigand.
The kobold brigand splashes around in the water.
The kobold brigand hits you with a +0 dagger!
The kobold brigand hits you with a +0 short sword.
HP[-11]
You take 11 damage, and now have 18/35 hp.
MASSIVE DAMAGE!! (PAUSE)
You hit the kobold brigand. The kobold brigand misses you.
The kobold brigand hits you with a +0 dagger.
* * * LOW HITPOINT WARNING * * *
The kobold misses you. The kobold brigand misses you.
HP[-2]
You take 2 damage, and now have 16/35 hp.
You hit the kobold brigand but do no damage.
You block the kobold brigand's attack.
HP[+1]
You hit the kobold brigand. The kobold brigand barely misses you.
The kobold barely misses you.
The kobold brigand hits you with a +0 dagger.
* * * LOW HITPOINT WARNING * * *
The kobold brigand hits you with a +2 short sword of protection!
* * * LOW HITPOINT WARNING * * *
HP[-10]
You take 10 damage, and now have 7/35 hp.
MASSIVE DAMAGE!! (PAUSE)
You completely miss the kobold brigand. The kobold brigand closely misses you.
The kobold brigand misses you. The kobold closely misses you.
HP[+1]
You barely miss the kobold brigand. The kobold brigand barely misses you.
The kobold misses you.
The kobold brigand completely misses you. x2
HP[+1]
You hit the kobold brigand but do no damage.
The kobold brigand hits you with a +2 short sword of protection.
* * * LOW HITPOINT WARNING * * *
You block the kobold brigand's attack. The kobold closely misses you.
The kobold brigand hits you but does no damage.
HP[-3]
You take 3 damage, and now have 6/35 hp.
Aiming: Charm
Press: ? - help, Q - select action, (/) - cycle Shift-Dir - straight line, f - kobold brigand
Aim: a kobold brigand, wielding a +0 dagger and quivering curare-tipped darts (chance to affect: 49%)
The kobold brigand resists with some effort.
You block the kobold brigand's attack. The kobold brigand closely misses you.
The kobold misses you. The kobold brigand misses you.
HP[+1] That's the wrong kind of item! (Use * to select it.) Evoke which item? (* to show all) (? for menu, Esc to quit)
You don't have any such object.
Evoke which item? (* to show all) (? for menu, Esc to quit)
You don't have any such object.
Evoke which item? (* to show all) (? for menu, Esc to quit)
Okay, then.
Unknown command.
Unknown command.
Unknown command.
Unknown command.
Unknown command.
Aiming: Charm
Press: ? - help, Q - select action, (/) - cycle Shift-Dir - straight line, f - kobold brigand, p - kobold brigand
Aim: a kobold brigand, wielding a +2 short sword of protection and quivering poisoned darts (chance to affect: 49%)
The kobold brigand is charmed.
The kobold brigand hits you with a +0 dagger.
* * * LOW HITPOINT WARNING * * *
You block the kobold's attack.
The kobold brigand hits you with a +0 short sword.
* * * LOW HITPOINT WARNING * * *
HP[-5]
You take 5 damage, and now have 2/35 hp.
Aiming: Charm
Press: ? - help, Q - select action, (/) - cycle Shift-Dir - straight line, f - kobold brigand, p - kobold brigand
Aim: a kobold brigand, wielding a +0 short sword and quivering curare-tipped darts (moderately wounded, chance to affect: 49%)
The kobold brigand is charmed.
The kobold brigand closely misses you. The kobold misses you.
HP[+1]
The kobold brigand attacks as you move away!
The kobold brigand hits you with a +0 dagger.
You die...

Skill      XL: |  1  2  3  4  5  6 |
---------------+-------------------+-----
Short Blades   | 5 6 7 8 9 |  9.3
Fighting       | |  2.1
Throwing       | |  2.1
Dodging        | |  3.6

Action                   |  1- 3 |  4- 6 || total
-------------------------+-------+-------++-------
Melee: Rapier            |    68 |   169 ||   237
Evoke: Wand              |       |     3 ||     3
 Stab: Sleeping          |     7 |     5 ||    12
Armor: Leather armour    |     3 |    21 ||    24
Dodge: Dodged            |    42 |   127 ||   169
Block: Buckler           |     8 |    41 ||    49

Levels and vault maps discovered:
D:1:      dpeg_arrival_pits, layout_basic,
          hellmonk_ecumenical_altar_pennies_from_heaven
D:2:      layout_rooms, basic_altar, st_stairs_12, minmay_indecisive_spiral
D:3:      minmay_door_path, layout_basic, demons_altar, portal_sewer_entry_a,
          serial_shops, nicolae_diamond_shop
Sewer:    kennysheep_pipe_town

Notes
Turn   | Place    | Note
-------+----------+-------------------------------------------
     0 | D:1      | zeratav the Kobold Gladiator began the quest for the Orb.
     0 | D:1      | Reached XP level 1. HP: 12/12 MP: 1/1
     0 | D:1      | magus.rc [v1.9.6]
    22 | D:1      | You pick up a book of Minor Magic and begin reading...
    22 | D:1      | You add the spells Magic Dart, Call Imp and Mephitic Cloud
                  | to your library.
    37 | D:1      | Found a faded altar of an unknown god.
    84 | D:1      | Reached XP level 2. HP: 7/17 MP: 2/2
   417 | D:1      | Reached skill level 5 in Short Blades
   603 | D:1      | You pick up a book of Burglary and begin reading...
   603 | D:1      | You add the spells Passwall, Ensorcelled Hibernation and
                  | Swiftness to your library.
   727 | D:1      | Reached XP level 3. HP: 19/21 MP: 3/3
  1064 | D:1      | Reached skill level 6 in Short Blades
  1257 | D:2      | Reached XP level 4. HP: 26/26 MP: 4/4
  1282 | D:2      | Found a basalt altar of Yredelemnul.
  2006 | D:3      | Reached skill level 7 in Short Blades
  2051 | D:3      | Found a burning altar of Makhleb.
  2058 | D:3      | Reached XP level 5. HP: 24/30 MP: 5/5
  2073 | D:3      | Reached skill level 8 in Short Blades
  2142 | D:3      | Reached XP level 6. HP: 32/35 MP: 6/6
  2194 | D:3      | Found Yshaaq's Weapon Shoppe.
  2398 | D:3      | Found a glowing drain.
  2405 | Sewer    | Entered a sewer
  2433 | Sewer    | Reached skill level 9 in Short Blades
  2625 | Sewer    | HP: 7/35 [kobold brigand/+2 short sword of protection (8)]
  2630 | Sewer    | HP: 7/35 [kobold brigand/+0 dagger (1)]
  2630 | Sewer    | HP: 2/35 [kobold brigand/+0 short sword (5)]
  2632 | Sewer    | Slain by a kobold brigand

Vanquished Creatures
  A kobold brigand (Sewer)
  3 iron imps (D:3)
  6 gnolls
  3 adders
  2 worms (D:2)
  2 dart slugs
  2 orcs (D:3)
  4 endoplasms
  3 giant cockroaches (D:1)
  8 goblins
  4 hobgoblins
  4 kobolds
  4 quokkas (D:2)
  7 ball pythons
  5 bats
  3 frilled lizards
  8 rats
69 creatures vanquished.

Vanquished Creatures (others)
  A plant (Sewer)
1 creature vanquished.

Grand Total: 70 creatures vanquished

Table legend:
 A = Non-vault XP
 B = Vault XP
 C = Vault XP percentage of total XP
 D = Non-vault monster count
 E = Vault monster count
 F = Vault count percentage of total count
                 A         B        C        D         E       F
            +---------+---------+-------+---------+---------+-------
      Total |     195 |     257 |  56.9 |      50 |      19 |  27.5
            +---------+---------+-------+---------+---------+-------
        D:1 |      46 |       0 |   0.0 |      20 |       0 |   0.0
        D:2 |      65 |      21 |  24.4 |      19 |       6 |  24.0
        D:3 |      84 |     122 |  59.2 |      11 |       3 |  21.4
      Sewer |       0 |     114 | 100.0 |       0 |      10 | 100.0
            +---------+---------+-------+---------+---------+-------

Illustrated notes

Table legend:
 A = Kills in this place as a percentage of kills in entire the game.
 B = Kills by you in this place as a percentage of kills by you in the entire game.
 C = Kills by friends in this place as a percentage of kills by friends in the entire game.
 D = Other kills in this place as a percentage of other kills in the entire game.
 E = Experience gained in this place as a percentage of experience gained in the entire game.
 F = Experience gained in this place divided by the number of levels of this place that you have seen.
                   A       B       C       D       E      F
               +-------+-------+-------+-------+-------+----------------------
         Total | 100.0 | 100.0 |   N/A |   N/A | 100.0 | 113.0
       Dungeon |  85.5 |  85.5 |   N/A |   N/A |  74.8 | 112.7
         Sewer |  14.5 |  14.5 |   N/A |   N/A |  25.2 | 114.0
               +-------+-------+-------+-------+-------+----------------------

Table legend: (Time is in decaauts)
 A = Elapsed time spent in this place.
 B = Non-inter-level travel time spent in this place.
 C = Inter-level travel time spent in this place.
 D = Time resting spent in this place.
 E = Time spent auto-exploring this place.
 F = Levels seen in this place.
 G = Mean time per level.
                   A        B        C        D        E       F      G
               +--------+--------+--------+--------+--------+-----+--------+
         Total |   2624 |   2493 |    131 |    277 |   1565 |   4 |  656.0 |
       Dungeon |   2395 |   2264 |    131 |    177 |   1542 |   3 |  798.3 |
         Sewer |    228 |    228 |      0 |    100 |     23 |   1 |  228.0 |
               +--------+--------+--------+--------+--------+-----+--------+

Top non-repeatable levels by time:
     D:1: 1122 daAuts
     D:2: 749 daAuts
     D:3: 523 daAuts
   Sewer: 228 daAuts
